 Dungeon Sprint DCSS version 0.18.1-6-gd335043 (webtiles) character file.

47 Hipnos the Covert (level 3, -12/28 HPs)
             Began as a Spriggan Assassin on May 15, 2016.
             Was an Initiate of Dithmenos.
             Killed from afar by a wretched star (24 damage)
             ... with an orb of energy
             ... in the Dungeon (Sprint V: "Ziggurat Sprint").
             The game lasted 00:02:21 (215 turns).

Hipnos the Covert (Spriggan Assassin)                Turns: 215, Time: 00:02:22

Health: -12/28     AC: 17    Str: 12    XL:     3   Next: 48%
Magic:  8/8        EV: 12    Int: 12    God:    Dithmenos [......]
Gold:   0          SH:  0    Dex: 30    Spells: 0 memorised, 8 levels left

rFire  . . .     SeeInvis +     H - +5 dagger
rCold  . . .     Gourm    .     I - +5 shadow dragon armour
rNeg   . . .     Faith    .     (shield restricted)
rPois  .         Spirit   .     (helmet restricted)
rElec  .         Dismiss  .     d - +0 cloak
rCorr  .         Reflect  .     (gloves unavailable)
SustAt .         Harm     .     (boots unavailable)
MR     .....     NoTele   +     (no amulet)
Stlth  ..........               C - +6 ring of dexterity
                                B - +6 ring of dexterity

@: berserking, very slightly contaminated, very quick, not resistant to hostile
enchantments, extremely unstealthy
A: unfitting armour, see invisible, herbivore 3, speed 3, slow metabolism 2
a: Renounce Religion


You were in the Dungeon.
You worshipped Dithmenos.
Dithmenos was noncommittal.
You were not hungry.

You visited 1 branch

Inventory:

Hand Weapons
 a - a +2 dagger
 b - a +0 blowgun
 H - a +5 dagger (weapon)
Missiles
 e - 8 poisoned needles
 f - 2 curare-tipped needles
Armour
 c - a +0 robe
 d - a +0 cloak (worn)
 I - a +5 shadow dragon armour (worn)
Jewellery
 B - a +6 ring of dexterity (left hand)
 C - a +6 ring of dexterity (right hand)
 D - a +6 ring of intelligence
 E - a +6 ring of intelligence
 F - a +6 ring of strength
 G - a +6 ring of strength
Scrolls
 m - 3 scrolls of blinking
 t - 4 scrolls of amnesia
 u - 3 scrolls of recharging
 v - 7 scrolls of fog
 w - a scroll of holy word
 x - 5 scrolls of identify
 y - 5 scrolls of remove curse
 z - 2 scrolls of fear
Potions
 h - 10 potions of curing
 i - 10 potions of heal wounds
 j - 6 potions of haste
 k - 7 potions of magic
 l - 2 potions of berserk rage
 n - 2 potions of brilliance
 o - 2 potions of invisibility
 p - 4 potions of resistance
 r - 5 potions of agility
 s - 5 potions of might
Comestibles
 g - 5 bread rations
 A - 42 fruits


   Skills:
 + Level 2.8 Fighting
 + Level 4.0 Short Blades
 - Level 2.0 Throwing
 * Level 2.1 Armour
 + Level 4.0 Dodging
 * Level 9.7 Stealth
 + Level 3.0 Spellcasting
   Level 3.1 Hexes


You had 8 spell levels left.
You didn't know any spells.

Dungeon Overview and Level Annotations

Branches:
Dungeon (1/1)

Altars:
Ashenzari
Cheibriados
Dithmenos
Elyvilon
Fedhas
Gozag
Kikubaaqudgha
Makhleb
Nemelex Xobeh
Okawaru
Pakellas
Qazlal
Ru
Sif Muna
Trog
Vehumet
Xom
Yredelemnul
Zin
The Shining One
Beogh
Jiyva
Lugonu


Innate Abilities, Weirdness & Mutations

You are tiny and cannot use many weapons and most armour.
You have supernaturally acute eyesight.
You are a herbivore.
You cover ground extremely quickly.
You need consume almost no food.


Message History

The helpless shadow imp fails to defend itself.
You spit the shadow imp like a pig!!!
You kill the shadow imp!
Dithmenos accepts your kill.
Your Short Blades skill increases to level 4!
The wretched star glows turbulently.
The orb of energy hits you!
The orb of energy explodes!
Drink which item? (? for menu, Esc to quit)
Okay, then.
Press: ? - help, v - describe, . - travel, g - get item
Here: a wretched star (almost destroyed)
A fan of gales.
The floor.
Drink which item? (? for menu, Esc to quit)
A red film seems to cover your vision as you go berserk!
You feel yourself moving faster!
You feel mighty!
The wretched star glows turbulently.
The orb of energy hits you!
Ouch! That really hurt!
You die...

▓▓▓▓▓▓▓▓▓▓▓▓▓
▓.8©8.▓.8©8.▓
▓.*|=.▓.....▓
▓..@..▓.).=.▓
▓.....▓..EE.▓
▓.....▓.....▓
▓.....▓.....▓
▓.....▓▓▓▓▓▓▓
▓▓▓▓▓▓▓


You could see a wretched star.

Vanquished Creatures
  A quasit (D)
  A shadow imp (D)
2 creatures vanquished.

Vanquished Creatures (others)
  A spatial maelstrom (D)
1 creature vanquished.

Grand Total: 3 creatures vanquished

Notes
Turn   | Place    | Note
--------------------------------------------------------------
     0 | D        | Hipnos the Spriggan Assassin began the quest for the Orb.
     0 | D        | Reached XP level 1. HP: 10/10 MP: 2/2
     0 | D        | Found a viscous altar of Jiyva.
     0 | D        | Found a roughly hewn altar of Beogh.
     0 | D        | Found a corrupted altar of Lugonu.
     0 | D        | Found a white marble altar of Elyvilon.
     3 | D        | Became a worshipper of Dithmenos the Shadowed
     5 | D        | Found a sparkling altar of Nemelex Xobeh.
     6 | D        | Found a burning altar of Makhleb.
     6 | D        | Found an iron altar of Okawaru.
     6 | D        | Found a deep blue altar of Sif Muna.
     6 | D        | Found a radiant altar of Vehumet.
     6 | D        | Found a bloodstained altar of Trog.
     6 | D        | Found a shimmering altar of Xom.
     7 | D        | Banished a spatial maelstrom
    55 | D        | Reached skill level 1 in Armour
    55 | D        | Reached skill level 7 in Stealth
    55 | D        | Reached XP level 2. HP: 16/16 MP: 2/7
   205 | D        | Entered arena 1.
   205 | D        | Noticed an air elemental
   205 | D        | Noticed an air elemental
   207 | D        | Entered arena 2.
   207 | D        | Noticed a wretched star
   212 | D        | Reached skill level 9 in Stealth
   212 | D        | Reached XP level 3. HP: 13/19 MP: 8/8
   215 | D        | Killed from afar by a wretched star

Skill      XL: |  1  2  3 |
---------------+----------+-----
Fighting       | 2 |  2.8
Short Blades   | 3 4 |  4.0
Armour         | 1 2 |  2.1
Dodging        | 4 |  4.0
Stealth        | 7 9 |  9.7
Spellcasting   | 3 |  3.0
Hexes          | 3 |  3.1
Throwing       | |  2.0

Action                   || total
-------------------------++-------
Melee: Dagger            ||     3
  Use: Potion            ||     2
       Scroll            ||     1
 Stab: Sleeping          ||     3
Armor: Shadow dragon arm ||     1
